[Event "Live Chess"]
[Site "Chess.com"]
[Date "2024.06.01"]
[Round "-"]
[White "booktrunk"]
[Black "koekoekoe"]
[Result "1-0"]
[WhiteElo "1471"]
[BlackElo "1958"]
[TimeControl "300"]
[EndTime "15:38:39 PDT"]
[Termination "booktrunk won by resignation"]

1. d4 d5 2. Nc3 Nf6 3. Bf4 Bf5 4. Nb5 Na6 5. e3 e6 6. Nf3 Bb4+ 7. c3 Ba5 8. a4 c6 9. Nd6+ Kd7 10. Nxb7 Qb6 11. Bxa6 Ne8 12. Nc5+ Ke7 13. Rb1 Nc7 14. Be2 Bxb1 15. Qxb1 Bxc3+ 16. Kd1 Qxb2 17. Qxb2 Bxb2 18. Bxc7 Ba3 19. Bd3 Bxc5 20. dxc5 Rac8 21. Bd6+ Kd7 22.
Ne5+ Ke8 23. Ke2 f6 24. Nf3 e5 25. Rb1 e4 26. Bxe4 dxe4 27. Nd2 f5 28. Rb7 g6 29.
Rxa7 Kd8 30. Nc4 Re8 31. Nb6 Re6 32. Nxc8 Kxc8 33. Rxh7 Rf6 34. Rg7 f4 35. exf4 Rxf4 36. Bxf4 1-0

[Event "Live Chess"]
[Site "Chess.com"]
[Date "2024.06.01"]
[Round "-"]
[White "Duke_of_Bebington"]
[Black "ACM42"]
[Result "0-1"]
[WhiteElo "1626"]
[BlackElo "2154"]
[TimeControl "300"]
[EndTime "15:38:58 PDT"]
[Termination "ACM42 won by resignation"]

1. e4 e6 2. d4 d5 3. Nd2 Nf6 4. Bd3 c5 5. c3 Nc6 6. e5 Nd7 7. Ne2 f6 8. Nf4 cxd4 9. Qh5+ Ke7 10. Ng6+ hxg6 11. exf6+ Nxf6 12. Qxh8 Kf7 13. Qh4 Qb6 14. Nf3 dxc3 15. bxc3 Bd6 16. O-O e5 17. Qg5 e4 18.
Be3 Qc7 19. Nh4 exd3 20. Qxg6+ Kg8 21. Nf5 Ne5 22. Nh6+ Kf8 0-1

[Event "Live Chess"]
[Site "Chess.com"]
[Date "2024.06.01"]
[Round "-"]
[White "ShanthamGrarks"]
[Black "TheSmoulderingMaster"]
[Result "1-0"]
[WhiteElo "1817"]
[BlackElo "1727"]
[TimeControl "300"]
[EndTime "15:39:16 PDT"]
[Termination "ShanthamGrarks won by resignation"]

1. d4 Nf6 2. Nc3 d6 3. e4 g6 4. Bd3 Bg7 5. Nf3 O-O 6. Bg5 Nbd7 7. Qd2 e5 8. d5 Nc5 9. h4 Bg4 10. Nh2 Bd7 11. h5 Qc8 12. hxg6 fxg6 13. f3 Nh5 14.
O-O-O c6 15. dxc6 Bxc6 16. Bc4+ Kh8 17. Ng4 Nxe4 18. Nxe4 Bxe4 19. fxe4 Qxg4 20. Be2 Qxe4 21. Bxh5 gxh5 22. Rxh5 Rf5 23. Rdh1 Raf8 24. Rxh7+ Kg8 25. Rxg7+ Kxg7 26. Bh6+ Kg8 27. Bxf8 Kxf8 28. Qh6+ Kf7 29. Qh7+ Ke6 30. Rh6+ Kd5 31. Qxb7+ Kd4 32. c3+ Ke3 33.
Rh3+ 1-0

[Event "Live Chess"]
[Site "Chess.com"]
[Date "2024.06.01"]
[Round "-"]
[White "OurKnightAtTheOpera"]
[Black "nigelst"]
[Result "1-0"]
[WhiteElo "1998"]
[BlackElo "1698"]
[TimeControl "300"]
[EndTime "15:39:43 PDT"]
[Termination "OurKnightAtTheOpera won by checkmate"]

1. e4 c6 2. d4 d5 3. e5 c5 4.
dxc5 e6 5. a3 Bxc5 6. b4 Bb6 7.
Nf3 Ne7 8. Bb2 Nf5 9. Bd3 Nh4 10. Nbd2 Nxg2+ 11. Kf1 Nf4 12. Nd4 Nxd3 13. cxd3 Nc6 14.
Nb5 O-O 15. Nf3 Bc7 16. d4 a6 17. Nc3 Ne7 18. Rg1 Nf5 19. Qd3 b5 20. Ne2 Bb6 21. Ng3 Nxg3+ 22. Rxg3 Bd7 23. Ke2 a5 24. Rag1 g6 25.
Bc1 axb4 26. axb4 Ra2+ 27. Kf1 Qc7 28. Bh6 Rfa8 29. Qe3 Ra1+ 30. Kg2 Rxg1+ 31. Nxg1 Qd8 32. Bg5 Qc7 33. Bf6 Qc8 34. Rh3 h5 35. Qh6 Qf8 36.
Qh8# 1-0

[Event "Live Chess"]
[Site "Chess.com"]
[Date "2024.06.01"]
[Round "-"]
[White "Rusty_Bridges"]
[Black "hapehansen"]
[Result "0-1"]
[WhiteElo "1521"]
[BlackElo "2259"]
[TimeControl "300"]
[EndTime "15:39:46 PDT"]
[Termination "hapehansen won by resignation"]

1. e4 c5 2. Be2 Nc6 3. f4 d5 4. e5 e6 5. Nf3 Nge7 6. O-O Nf5 7. c3 h5 8. d4 cxd4 9. cxd4 Qb6 10. Be3 Nxe3 11.
Qd2 Nxf1 12. Kxf1 Bb4 13. Nc3 Bd7 14. a3 Be7 15. b4 Rc8 16. Rc1 Nxb4 17. axb4 Bxb4 18. Qb2 Bxc3 19. Qxb6 axb6 0-1

[Event "Live Chess"]
[Site "Chess.com"]
[Date "2024.06.01"]
[Round "-"]
[White "grillage"]
[Black "StoreySniper"]
[Result "0-1"]
[WhiteElo "1872"]
[BlackElo "2534"]
[TimeControl "300"]
[EndTime "15:39:56 PDT"]
[Termination "StoreySniper won by resignation"]

1. d4 c5 2. d5 f5 3. Nc3 g6 4. Bg5 d6 5. e4 Bg7 6. Bb5+ Bd7 7. a4 Bxc3+ 8. bxc3 fxe4 9. Ne2 h6 10. Bh4 g5 11. Bg3 Nf6 12. h4 g4 13. h5 Qa5 14.
Bxd7+ Nbxd7 15. Qd2 O-O-O 16. c4 Qxd2+ 17. Kxd2 Rdg8 18.
Nc3 Rg5 19. Ke3 Nb6 20. Nxe4 Nxc4+ 21. Kd3 Nb2+ 22. Ke3 Nxd5+ 23. Ke2 Rf5 24. Bxd6 Nc3+ 25. Nxc3 exd6 26. Rh4 Re8+ 27. Kf1 Nc4 28. Rxg4 Ne3+ 0-1

[Event "Live Chess"]
[Site "Chess.com"]
[Date "2024.06.01"]
[Round "-"]
[White "TigerTank70"]
[Black "vincents82"]
[Result "1-0"]
[WhiteElo "2235"]
[BlackElo "2044"]
[TimeControl "300"]
[EndTime "15:39:59 PDT"]
[Termination "TigerTank70 won by resignation"]

1. e4 d5 2. exd5 Qxd5 3. d4 e5 4. dxe5 Qxd1+ 5. Kxd1 Nc6 6. Bb5 Ne7 7. Nf3 a6 8. Ba4 b5 9. Bb3 Bg4 10. Bf4 O-O-O+ 11. Nd2 Ng6 12. Bg3 Ngxe5 13. Kc1 Nxf3 14. Nxf3 Bxf3 15. gxf3 f6 16. Be6+ Kb7 17. c3 Bd6 18.
Kc2 Rhe8 19. Rae1 Re7 20. Bf5 Rde8 21. Rxe7 Rxe7 22. Bxh7 Re2+ 23. Kc1 Ne5 24. Rd1 Nc4 25. Be4+ Kb6 26. b3 Ne5 27. Rd2 Rxd2 28. Kxd2 g5 29. f4 Nd7 30. fxg5 fxg5 31. Ke3 Ne5 32. h3 c5 33. Bd5 a5 34. Ke4 1-0

[Event "Live Chess"]
[Site "Chess.com"]
[Date "2024.06.01"]
[Round "-"]
[White "Yegorych"]
[Black "jk0110"]
[Result "1-0"]
[WhiteElo "1581"]
[BlackElo "1230"]
[TimeControl "300"]
[EndTime "15:40:48 PDT"]
[Termination "Yegorych won on time"]

1. d4 Nf6 2. c4 e5 3. dxe5 Ne4 4.
Nf3 Bb4+ 5. Bd2 Nxd2 6. Nbxd2 Nc6 7. e3 O-O 8. Be2 d6 9. exd6 Qxd6 10.
O-O Bg4 11. Ne4 Qg6 12. Ng3 Rad8 13. Qb3 Bd6 14. Rfd1 Bxg3 15. hxg3 Bxf3 16. Bxf3 Ne5 17. Qxb7 Rb8 18. Qxc7 Nxf3+ 19. gxf3 Rxb2 20. Rd8 Rb1+ 21. Rxb1 Qxb1+ 22. Kg2 Qb4 23. Qc8 Qe7 24. Rxf8+ Qxf8 25. Qxf8+ Kxf8 26. f4 Ke7 27. Kf3 Kd6 28. Ke4 g6 29. g4 Kc5 30. g5 Kxc4 31. f5 Kc3 32. fxg6 hxg6 33. f4 Kb2 34. f5 Kxa2 35. fxg6 fxg6 36.
Ke5 a5 37. Kf6 Kb3 38. Kxg6 a4 39. Kf7 a3 40. g6 a2 41. g7 a1=Q 42. g8=Q Qa7+ 43.
Kg6+ Kc3 44. Qe6 Qb7 45. Qe5+ Kd2 46. Qd4+ Ke2 47. e4 Qc6+ 48. Kg5 Qb5+ 49. Kf4 1-0

[Event "Live Chess"]
[Site "Chess.com"]
[Date "2024.06.01"]
[Round "-"]
[White "WelshTiger"]
[Black "NottheBishopSacrifice"]
[Result "0-1"]
[WhiteElo "2485"]
[BlackElo "2318"]
[TimeControl "300"]
[EndTime "15:40:49 PDT"]
[Termination "NottheBishopSacrifice won by resignation"]

1. e4 c6 2. d4 d5 3. e5 c5 4.
dxc5 e6 5. Be3 Nd7 6. f4 Bxc5 7. Bxc5 Nxc5 8. Nf3 Ne7 9. Bd3 Qb6 10. b3 Qb4+ 11.
Qd2 Qxd2+ 12. Kxd2 Bd7 13. Nc3 Bc6 14. Nd4 O-O-O 15.
Nce2 a6 16. Ke3 g6 17. Rac1 Kb8 18. Rhd1 h5 19. c3 Rhg8 20. h4 Nf5+ 21. Nxf5 gxf5 22. g3 Bb5 23. Bxb5 axb5 24. Kf3 Ne4 25. Rd4 Rc8 26. c4 bxc4 27. bxc4 dxc4 28. Rcxc4 Rxc4 29. Rxc4 Nd2+ 0-1

[Event "Live Chess"]
[Site "Chess.com"]
[Date "2024.06.01"]
[Round "-"]
[White "Plato_77"]
[Black "updatedopenings2024"]
[Result "0-1"]
[WhiteElo "1301"]
[BlackElo "1970"]
[TimeControl "300"]
[EndTime "15:41:04 PDT"]
[Termination "updatedopenings2024 won by resignation"]

1. d4 c6 2. Bf4 d5 3. Nf3 Nf6 4.
e3 Bg4 5. Nbd2 e6 6. h3 Bxf3 7. Nxf3 Bd6 8. Bxd6 Qxd6 9. c4 Nbd7 10. Qb3 O-O 11. cxd5 cxd5 12. Bd3 a6 13. O-O b5 14.
Rfc1 Rfc8 15. a4 b4 16. Rxc8+ Rxc8 17. Kf1 a5 18. Ke2 g6 19. Kd2 Nb6 20. Rc1 Rxc1 21. Kxc1 Qc6+ 22. Kd2 Nxa4 23. Ne5 Qe8 24. Bc2 Nb6 25.
Qa2 a4 26. f4 Nfd7 27. b3 Nxe5 28. fxe5 a3 29. e4 dxe4 30. Bxe4 Qd8 31. Qc2 Qxd4+ 32. Bd3 Nd5 33. Qc8+ Kg7 0-1

[Event "Live Chess"]
[Site "Chess.com"]
[Date "2024.06.01"]
[Round "-"]
[White "KeithArkell"]
[Black "TedUdale"]
[Result "1-0"]
[WhiteElo "2411"]
[BlackElo "2104"]
[TimeControl "300"]
[EndTime "15:41:14 PDT"]
[Termination "KeithArkell won by resignation"]

1. d4 Nf6 2. Nf3 e6 3. c4 d5 4. cxd5 exd5 5. Nc3 c6 6. Qc2 Bd6 7. Bg5 h6 8. Bxf6 Qxf6 9. Nxd5 Qd8 10. Nc3 O-O 11.
e3 Nd7 12. Bd3 Nf6 13. Bf5 b6 14. O-O c5 15. Bxc8 Rxc8 16. dxc5 Bxc5 17. Rad1 Qc7 18. Qa4 Rfd8 19. h3 g6 20. Rxd8+ Rxd8 21. Rd1 Rxd1+ 22.
Qxd1 Kg7 23. Qd3 Bb4 24. Qd4 Bxc3 25. bxc3 b5 26. Ne5 Qe7 27. Ng4 h5 28. Nxf6 Qxf6 29.
Kf1 a5 30. Ke2 g5 31. Kd3 Kg6 32. Qxf6+ Kxf6 33. Kd4 Kf5 34. f3 g4 35. hxg4+ hxg4 36. Kc5 b4 37. cxb4 axb4 38. Kxb4 1-0

[Event "Live Chess"]
[Site "Chess.com"]
[Date "2024.06.01"]
[Round "-"]
[White "DJ_Lambton"]
[Black "gmnorfolk"]
[Result "1-0"]
[WhiteElo "1781"]
[BlackElo "2088"]
[TimeControl "300"]
[EndTime "15:41:16 PDT"]
[Termination "DJ_Lambton won on time"]

1. c4 e5 2. g3 Nf6 3. Bg2 c6 4. d4 e4 5. Nc3 d5 6. cxd5 cxd5 7. Bg5 Nbd7 8. e3 h6 9. Bxf6 Nxf6 10. Nge2 Bd6 11. O-O O-O 12. Qb3 Be6 13. Rac1 Qd7 14.
Nb5 Bb8 15. Rc2 a6 16. Nbc3 b5 17. Rfc1 Bh3 18. Bh1 Rd8 19. a4 Qf5 20. axb5 axb5 21. Nxb5 Ng4 22. Nec3 Ra6 23. Qb4 Rf6 24. Qe7 Rf8 25.
Nxd5 Qxd5 26. Rc8 Rxc8 27. Rxc8+ Kh7 28. Bxe4+ g6 29. Bxd5 Rxf2 30. Bc4 Rg2+ 31. Kf1 Rxh2+ 32. Ke1 Bxg3+ 33. Kd1 Nf2+ 34. Kc1 Rh1+ 35. Kd2 Rd1+ 36. Kc3 Rc1+ 37. Kb3 h5 38. Qxf7+ 1-0

[Event "Live Chess"]
[Site "Chess.com"]
[Date "2024.06.01"]
[Round "-"]
[White "Silverback7829"]
[Black "Ferrarifan27"]
[Result "0-1"]
[WhiteElo "902"]
[BlackElo "2110"]
[TimeControl "300"]
[EndTime "15:41:35 PDT"]
[Termination "Ferrarifan27 won on time"]

1. d4 Nf6 2. Nf3 e6 3. e3 d5 4. Bb5+ c6 5. Bd3 b6 6. c4 Ba6 7.
cxd5 exd5 8. Bxa6 Nxa6 9. Ne5 Bb4+ 10. Bd2 Bxd2+ 11. Qxd2 Rc8 12. Nc3 O-O 13. O-O Re8 14. Rae1 Nd7 15. Nxd7 Qxd7 16. Qe2 Nc7 17. e4 dxe4 18.
Nxe4 f5 19. Qc4+ Nd5 20. Nd2 Kh8 21. Rxe8+ Rxe8 22. Nf3 Nf4 23. Ne5 Qd5 24. Qxd5 cxd5 25.
Nc6 Rc8 26. Nxa7 Ra8 27. Nc6 Rxa2 28. h3 Rxb2 29. Re1 Kg8 30. Ne7+ Kf7 31. Nxf5 Re2 32. Rxe2 Nxe2+ 33. Kf1 Nc3 34. Nd6+ Ke6 35. Ne8 g6 36. Ng7+ Kf7 37. Nf5 gxf5 38. g4 fxg4 39. hxg4 Nb5 40. f3 Nxd4 41. f4 b5 42. Ke1 b4 0-1

[Event "Live Chess"]
[Site "Chess.com"]
[Date "2024.06.01"]
[Round "-"]
[White "StoreySniper"]
[Black "Rusty_Bridges"]
[Result "1-0"]
[WhiteElo "2534"]
[BlackElo "1521"]
[TimeControl "300"]
[EndTime "15:41:35 PDT"]
[Termination "StoreySniper won by resignation"]

1. e4 d6 2. d4 Nf6 3. Nc3 Nbd7 4.
f4 e6 5. Nf3 b6 6. e5 dxe5 7.
fxe5 Nd5 8. Nxd5 exd5 9. Bd3 Bb7 10. O-O c5 11. c3 c4 12. Bc2 Qc7 13. Ng5 O-O-O 14.
Nxf7 Be7 1-0

[Event "Live Chess"]
[Site "Chess.com"]
[Date "2024.06.01"]
[Round "-"]
[White "TheSmoulderingMaster"]
[Black "WelshTiger"]
[Result "0-1"]
[WhiteElo "1727"]
[BlackElo "2485"]
[TimeControl "300"]
[EndTime "15:42:05 PDT"]
[Termination "WelshTiger won by resignation"]

1. e4 c5 2. Nf3 d6 3. d4 cxd4 4. Nxd4 Nf6 5. Nc3 Nc6 6. Be3 Ng4 7. Bg5 Qb6 8. Ncb5 a6 9. h3 axb5 10. hxg4 Qxd4 11. Qd2 0-1

[Event "Live Chess"]
[Site "Chess.com"]
[Date "2024.06.01"]
[Round "-"]
[White "AlexanderMatlak"]
[Black "NeilDruggan73"]
[Result "1-0"]
[WhiteElo "2394"]
[BlackElo "1745"]
[TimeControl "300"]
[EndTime "15:42:12 PDT"]
[Termination "AlexanderMatlak won by resignation"]

1. e4 d6 2. d4 Nf6 3. Nc3 g6 4.
Bc4 Nxe4 5. Bxf7+ Kxf7 6. Nxe4 h6 7. Nf3 Bg7 8. c3 Rf8 9. Qb3+ d5 10. Ne5+ Bxe5 11.
dxe5 Kg7 12. Ng3 e6 13. O-O b6 14. Be3 c5 15. Rad1 Bb7 16. Qc2 Kh7 17. Qd2 Qh4 18.
b4 Nd7 19. a4 Nxe5 20. bxc5 Ng4 21. h3 Nxe3 22. Qxe3 Rae8 23. cxb6 axb6 24. Qxb6 Ba8 25. a5 Qg5 26. Qe3 Qxe3 27. fxe3 Kg7 28. Ne2 Rf6 29. a6 Ref8 30. Rxf6 Rxf6 31. Rb1 Rf7 32. Rb6 Kf6 33.
Nd4 Re7 34. Nb5 Ke5 35. a7 Ke4 36. Kf2 Rf7+ 37. Ke2 Rd7 38. Rb8 Bc6 39. a8=Q Bxa8 40. Rxa8 Rb7 41. Nd6+ 1-0

[Event "Live Chess"]
[Site "Chess.com"]
[Date "2024.06.01"]
[Round "-"]
[White "Queensandpawns"]
[Black "JanMur7"]
[Result "0-1"]
[WhiteElo "2342"]
[BlackElo "2307"]
[TimeControl "300"]
[EndTime "15:42:45 PDT"]
[Termination "JanMur7 won by checkmate"]

1. e4 e5 2. d4 exd4 3. c3 d5 4. e5 c5 5. cxd4 cxd4 6. Nf3 Nc6 7. Bd3 Bb4+ 8. Bd2 Bxd2+ 9. Nbxd2 Nge7 10. O-O O-O 11.
a3 Ng6 12. Re1 Re8 13. Qc2 Be6 14. h4 Rc8 15. h5 Nb4 16. Qb1 Nxd3 17. Qxd3 Nf4 18.
Qxd4 Nxh5 19. g4 Bxg4 20. Qxg4 g6 21. e6 f5 22. Qd4 Rc6 23. e7 Rxe7 24. Rxe7 Qxe7 25.
Qxd5+ Kg7 26. Qe5+ Qxe5 27. Nxe5 Rc2 28. Ndc4 b5 29.
Nd6 Rxb2 30. Nc6 a6 31. Nb8 Nf4 32. Nxa6 Nh3+ 33. Kg2 Nxf2 34. Kf3 Nd3 35. Ke3 Ne5 36. Nb4 Ng4+ 37. Kf4 Rf2+ 38. Kg3 h5 39. Nxb5 f4+ 40. Kh4 Kh6 41. Rh1 Rf3 42. Nd4 g5# 0-1

[Event "Live Chess"]
[Site "Chess.com"]
[Date "2024.06.01"]
[Round "-"]
[White "updatedopenings2024"]
[Black "NottheBishopSacrifice"]
[Result "1-0"]
[WhiteElo "1990"]
[BlackElo "2297"]
[TimeControl "300"]
[EndTime "15:42:52 PDT"]
[Termination "updatedopenings2024 won by resignation"]

1. e4 c6 2. d4 d5 3. e5 c5 4.
dxc5 e6 5. a3 Bxc5 6. Nf3 f6 7.
Bd3 Nc6 8. Qe2 fxe5 9. Nxe5 Nf6 10. b4 Bd6 11. Bb2 O-O 12. O-O Qc7 13. f4 Bd7 14.
Nd2 Rae8 15. c4 Bc8 16. c5 Be7 17. g4 b6 18. g5 Ne4 19. Nxe4 dxe4 20. Qxe4 Rf5 21.
Qxc6 Qd8 22. Bxf5 exf5 23. Rad1 1-0

[Event "Live Chess"]
[Site "Chess.com"]
[Date "2024.06.01"]
[Round "-"]
[White "Crowded_House"]
[Black "McFim"]
[Result "1-0"]
[WhiteElo "1729"]
[BlackElo "1634"]
[TimeControl "300"]
[EndTime "15:42:58 PDT"]
[Termination "Crowded_House won on time"]

1. d4 d5 2. Bg5 Nf6 3. e3 e6 4.
Bd3 Be7 5. Nf3 h6 6. Bh4 Nbd7 7. Nbd2 b6 8. c3 Bb7 9. Qc2 c5 10. b3 Rc8 11. Qb2 O-O 12. O-O a6 13. Bg3 b5 14.
a3 Ba8 15. Ne5 Nb6 16. c4 cxd4 17. Qxd4 Bc5 18. Qb2 bxc4 19. bxc4 dxc4 20. Nexc4 Na4 21. Qb3 Ba7 22. Be2 Nc5 23. Qd1 Nce4 24. Bf3 Nxg3 25. hxg3 Bxf3 26. Qxf3 Qd5 27. Rfc1 Rfd8 28. Qxd5 Rxd5 29.
Nf3 Rdc5 30. Nfd2 Bb8 31. Ra2 Ne4 32. Nxe4 Rxc4 33. Rxc4 Rxc4 34. Nd2 Rc1+ 35. Kh2 Bd6 36. a4 Bb4 37. Ne4 Rb1 38. Kh3 a5 39. Kg4 f5+ 40. Kf3 fxe4+ 41. Kxe4 Kf7 42. f3 Kf6 43. g4 g5 44. f4 gxf4 45. exf4 Re1+ 46. Kf3 Rc1 47.
Kg3 Rc3+ 48. Kf2 Ra3 49. Rxa3 Bxa3 50. Kf3 Bb4 51. Ke4 1-0

[Event "Live Chess"]
[Site "Chess.com"]
[Date "2024.06.01"]
[Round "-"]
[White "hapehansen"]
[Black "booktrunk"]
[Result "1-0"]
[WhiteElo "2259"]
[BlackElo "1471"]
[TimeControl "300"]
[EndTime "15:43:21 PDT"]
[Termination "hapehansen won by resignation"]

1. Nf3 b6 2. e4 Bb7 3. Nc3 e6 4. d4 Nf6 5. Bd3 Bb4 6. Qe2 h6 7. O-O O-O 8. e5 Nh7 9. Ne4 d5 10. Ng3 Be7 11. Nh5 Ng5 12. Nxg5 Bxg5 13. f4 Be7 14.
Qg4 g5 15. fxg5 Bxg5 16. Nf6+ Kg7 17. Bxg5 Kh8 18. Bxh6 Rg8 19. Bg7+ Rxg7 20. Qh5+ 1-0

[Event "Live Chess"]
[Site "Chess.com"]
[Date "2024.06.01"]
[Round "-"]
[White "Yegorych"]
[Black "KeithArkell"]
[Result "0-1"]
[WhiteElo "1580"]
[BlackElo "2411"]
[TimeControl "300"]
[EndTime "15:43:25 PDT"]
[Termination "KeithArkell won by resignation"]

1. d3 d5 2. Nf3 c5 3. Bf4 Nc6 4. c3 g6 5. Nbd2 Bg7 6. e4 Bg4 7. Be2 Nf6 8. Ng5 Bxe2 9. Qxe2 e6 10. O-O O-O 11. Be5 Nxe5 0-1

[Event "Live Chess"]
[Site "Chess.com"]
[Date "2024.06.01"]
[Round "-"]
[White "DoctorMantisTobogganMD"]
[Black "SvitlanaJ"]
[Result "1-0"]
[WhiteElo "2177"]
[BlackElo "593"]
[TimeControl "300"]
[EndTime "15:43:34 PDT"]
[Termination "DoctorMantisTobogganMD won by checkmate"]

1. e4 e5 2. Nc3 Nc6 3. Bc4 Bc5 4. Qg4 Nf6 5. Qxg7 Qe7 6. Qxh8+ Qf8 7. Qxf6 Qg8 8. g3 Nd4 9. Qxe5+ Kd8 10. Qxc5 Nxc2+ 11. Kd1 Nxa1 12. Nd5 Qg4+ 13. f3 Qg7 14. Qe7# 1-0

[Event "Live Chess"]
[Site "Chess.com"]
[Date "2024.06.01"]
[Round "-"]
[White "CCGoodKnightRookie"]
[Black "AndrewBak1"]
[Result "1-0"]
[WhiteElo "2327"]
[BlackElo "1866"]
[TimeControl "300"]
[EndTime "15:43:39 PDT"]
[Termination "CCGoodKnightRookie won by resignation"]

1. d4 d5 2. Nc3 Nf6 3. Bf4 a6 4. e3 c5 5. Nf3 Nc6 6. a3 Bg4 7.
Be2 e6 8. Ne5 Bxe2 9. Qxe2 cxd4 10. Nxc6 bxc6 11. exd4 Bd6 12. Be5 Bxe5 13. Qxe5 Qb8 14.
Qxb8+ Rxb8 15. b4 O-O 16. Na4 Ne4 17. f3 Nd6 18. Nc5 Ra8 19. Kf2 a5 20. Rhb1 a4 21. Ke3 Nc4+ 22. Kd3 Rfb8 23. Nd7 Rb7 24. Ne5 Nxe5+ 25.
dxe5 f6 26. exf6 gxf6 27. c4 e5 28. b5 Rab8 29. bxc6 dxc4+ 30. Ke4 Rxb1 31. Rxb1 Rc8 32. Kd5 c3 33. Kd6 Kf7 34. Kd7 Rb8 35. Rc1 1-0

[Event "Live Chess"]
[Site "Chess.com"]
[Date "2024.06.01"]
[Round "-"]
[White "upoe610"]
[Black "NebodarMatevich"]
[Result "1-0"]
[WhiteElo "2206"]
[BlackElo "1576"]
[TimeControl "300"]
[EndTime "15:43:44 PDT"]
[Termination "upoe610 won by resignation"]

1. c4 Nf6 2. g3 g6 3. Bg2 Bg7 4. Nc3 O-O 5. d4 d6 6. h3 a5 7. Nf3 Na6 8. O-O Nd7 9. e4 e5 10.
Be3 c5 11. dxe5 Nxe5 12. Nxe5 Bxe5 13. Nb5 Bxb2 14. Bh6 Bg7 15. Bxg7 Kxg7 16. Nxd6 Qc7 17. Qd5 Be6 18. Qe5+ Kg8 19. Rab1 Rab8 20. Rfd1 Nb4 21. a3 Nc6 22. Qg5 Nd4 23. e5 Qd7 24.
Ne4 Qc8 25. Nf6+ Kh8 26. Qh6 1-0

[Event "Live Chess"]
[Site "Chess.com"]
[Date "2024.06.01"]
[Round "-"]
[White "MagnersCarlsberg2870"]
[Black "koekoekoe"]
[Result "0-1"]
[WhiteElo "1756"]
[BlackElo "1962"]
[TimeControl "300"]
[EndTime "15:43:46 PDT"]
[Termination "koekoekoe won by resignation"]

1. d4 d5 2. e3 Nf6 3. Bd3 Bg4 4. f3 Bh5 5. Ne2 e6 6. Ng3 Bg6 7. Nd2 c5 8. Bxg6 hxg6 9. c3 Nc6 10. Qb3 Qb6 11.
Qxb6 axb6 12. b3 cxd4 13. exd4 Ba3 14. Bxa3 Rxa3 15. h3 Kd7 16. O-O Rha8 17. c4 Rxa2 18. Rxa2 Rxa2 19. Rd1 Nxd4 20. Nde4 Nxb3 21. Nxf6+ gxf6 22. cxd5 Ke7 23. d6+ Kd7 24. Ne4 Ra1 25. Nxf6+ Kd8 26.
Rxa1 Nxa1 27. Kf2 Nb3 28. Ke3 Nc5 29. Kd4 Nd7 30. Ne4 Nf8 31. Kc4 Kd7 32. Kb5 f5 33. Nf6+ Kxd6 34. Kxb6 Nd7+ 35. Nxd7 Kxd7 36. Kxb7 e5 37.
Kb6 e4 0-1

[Event "Live Chess"]
[Site "Chess.com"]
[Date "2024.06.01"]
[Round "-"]
[White "toog"]
[Black "Dhaydon19"]
[Result "1/2-1/2"]
[WhiteElo "2609"]
[BlackElo "2677"]
[TimeControl "300"]
[EndTime "15:43:48 PDT"]
[Termination "Game drawn - insufficient material"]

1. d4 e6 2. Nf3 d5 3. Bf4 Nf6 4. e3 Bd6 5. Bg3 Qe7 6. Nbd2 Nbd7 7. Bd3 e5 8. dxe5 Nxe5 9. Nxe5 Bxe5 10. c3 c6 11. Nf3 Bxg3 12. hxg3 Bg4 13. Qa4 h6 14. Qf4 Bxf3 15. gxf3 Rd8 16. O-O-O Qd6 17. Qxd6 Rxd6 18. g4 Rf8 19. Rdg1 Ke7 20. g5 hxg5 21. Rxg5 g6 22. Kd2 Rfd8 23. Ke2 Kf8 24. a4 Kg7 25. b4 a6 26.
Rhg1 Kf8 27. Rb1 Re8 28. Rgg1 d4 29. cxd4 Rxd4 30. b5 cxb5 31. axb5 Nd5 32. Kd2 Ra4 33. Ra1 Rxa1 34. Rxa1 axb5 35. Bxb5 Rd8 36. Ke1 Nb4 37. Ra7 Rb8 38. Ke2 Nd5 39. Bd3 b5 40. Bc2 Re8 41.
Bb3 Ne7 42. Rb7 Rc8 43. Rxb5 Rc7 44. f4 Kg7 45. Kf3 Nf5 46. Bd5 Rd7 47. Be4 Ne7 48. f5 gxf5 49. Bxf5 Rd6 50. Be4 Rf6+ 51. Ke2 Re6 52. Rb4 Kf6 53. f4 Ra6 54. Kf3 Ra3 55. Rb6+ Kg7 56. f5 Ng8 57. Kf4 Nf6 58. Bf3 Ra4+ 59.
Kg3 Ra3 60. Kf2 Ra2+ 61. Ke1 Ra3 62. Kd2 Ra2+ 63. Kc3 Ra3+ 64. Rb3 Ra4 65. Kd3 Kh6 66. e4 Kg5 67. Ke3 Ra7 68. e5 Nd7 69. e6 fxe6 70. fxe6 Ne5 71. Rb5 Kf6 72. Bd5 Ra3+ 73. Bb3 Ra7 74.
Ke4 Ng6 75. Rf5+ Kg7 76. Rd5 Kf6 77. Rf5+ Kg7 78. Rf1 Rb7 79. Bc4 Rc7 80. Kd4 Re7 81. Bd5 Ra7 82. Kc5 Ra5+ 83. Kd6 Ra6+ 84. Bc6 Ra7 85.
Rb1 Ne7 86. Rg1+ Kf6 87. Rf1+ Nf5+ 88. Rxf5+ Kxf5 89. e7 Rxe7 90. Kxe7 1/2-1/2

[Event "Live Chess"]
[Site "Chess.com"]
[Date "2024.06.01"]
[Round "-"]
[White "oscalik"]
[Black "cymbalshift"]
[Result "1-0"]
[WhiteElo "2304"]
[BlackElo "1692"]
[TimeControl "300"]
[EndTime "15:44:01 PDT"]
[Termination "oscalik won by resignation"]

1. e4 e5 2. Nc3 Nf6 3. Nf3 Nc6 4. Bb5 Bb4 5. O-O d6 6. Nd5 Bc5 7. d4 exd4 8. Nxd4 Bd7 9. Nf5 O-O 10. Bg5 Bxf5 11.
exf5 a6 12. Bxc6 bxc6 13. Nxf6+ gxf6 14. Bh6 Kh8 15. Bxf8 Qxf8 16. Re1 d5 17. Qf3 Qh6 18. Re2 Rg8 19. Rae1 Bd6 20. h3 Qg5 21. Re8 Rxe8 22.
Rxe8+ Kg7 23. Qg4 h5 24. Qxg5+ fxg5 25. Ra8 g4 26. hxg4 hxg4 27. Rxa6 c5 28. a4 Kf6 29. a5 Kxf5 30. Rxd6 cxd6 31. a6 1-0

[Event "Live Chess"]
[Site "Chess.com"]
[Date "2024.06.01"]
[Round "-"]
[White "gmnorfolk"]
[Black "TedUdale"]
[Result "1-0"]
[WhiteElo "2100"]
[BlackElo "2096"]
[TimeControl "300"]
[EndTime "15:44:07 PDT"]
[Termination "gmnorfolk won by resignation"]

1. Nf3 Nf6 2. c4 b6 3. g3 Bb7 4. Bg2 c5 5. O-O e6 6. Nc3 Be7 7. b3 O-O 8. Bb2 d5 9. cxd5 exd5 10. d4 h6 11. Rc1 Nc6 12. dxc5 bxc5 13. Na4 Ne4 14. Nd2 Nxd2 15. Qxd2 d4 16. Nxc5 Bc8 17.
Bxc6 Qb6 18. Nd3 Rb8 19. Bg2 Bg4 20. Rc6 Qb5 21. Rfc1 Bg5 22. f4 Bf6 23. R1c5 Qb7 24. Rxf6 Qxg2+ 25. Kxg2 gxf6 26. Bxd4 1-0

[Event "Live Chess"]
[Site "Chess.com"]
[Date "2024.06.01"]
[Round "-"]
[White "dmitro74"]
[Black "MaksymYurii"]
[Result "1-0"]
[WhiteElo "1649"]
[BlackElo "937"]
[TimeControl "300"]
[EndTime "15:44:14 PDT"]
[Termination "dmitro74 won by checkmate"]

1. d4 d5 2. c4 e6 3. Nc3 Nf6 4.
Bg5 Bb4 5. a3 h6 6. Bxf6 Bxc3+ 7. bxc3 Qxf6 8. cxd5 exd5 9. Nf3 O-O 10. e3 Nc6 11. Bd3 Bf5 12. O-O Bxd3 13. Qxd3 a5 14. c4 dxc4 15. Qxc4 b6 16. d5 Ne5 17. Nxe5 Qxe5 18. e4 Rac8 19. f4 Qd6 20. e5 Qc5+ 21. Qxc5 bxc5 22. Rac1 f6 23. Rxc5 fxe5 24. fxe5 Rfe8 25.
e6 c6 26. Rfc1 a4 27. Rxc6 Rb8 28. Rc7 Rb5 29. Rc8 Rxc8 30. Rxc8+ Kh7 31. e7 Rb1+ 32. Kf2 Rb2+ 33. Kf3 Rb3+ 34. Kf4 Rxa3 35. e8=Q Ra1 36. Qe4+ g6 37. Qe7# 1-0

[Event "Live Chess"]
[Site "Chess.com"]
[Date "2024.06.01"]
[Round "-"]
[White "viktor_forever1994"]
[Black "wadsy27"]
[Result "0-1"]
[WhiteElo "1376"]
[BlackElo "2547"]
[TimeControl "300"]
[EndTime "15:44:36 PDT"]
[Termination "wadsy27 won by checkmate"]

1. e4 c5 2. Nf3 e6 3. d4 cxd4 4.
Qxd4 Nc6 5. Qd1 Qc7 6. a3 Nf6 7. Nc3 a6 8. Bd3 b5 9. O-O Bb7 10. h3 Bc5 11. Qe2 h6 12. Be3 Bxe3 13. Qxe3 d6 14. Rfe1 Rc8 15. Rad1 O-O 16. e5 Nxe5 17.
Nxe5 dxe5 18. Qxe5 Qxe5 19. Rxe5 Rc7 20. Ne4 Nxe4 21. Bxe4 Bxe4 22. Rxe4 Rxc2 23. b4 Ra2 24. Rd3 Rc8 25. Rf4 e5 26. Rf5 f6 27. Rb3 Rc1+ 28.
Kh2 Rcc2 29. Kg3 Kf7 30. Rff3 Ke6 31. Rbc3 g5 32. Rxc2 Rxc2 33. Kg4 e4 34. Rf5 h5+ 35. Kxh5 Kxf5 36. f4 exf3 37. gxf3 Rh2 38. Kh6 Rxh3+ 39.
Kg7 Rh4 40. Kf7 Rh7+ 41. Ke8 Ke6 42. Kd8 f5 43. Kc8 Kd6 44. Kb8 Kc6 45. Kc8 Rh8# 0-1